 Dungeon Crawl Stone Soup version 0.32-a0-42-ga30500b4d3 (webtiles) character file.

Game seed: 17433256981770680197

2078 Ambrosia the Shield-Bearer (level 9, -2/62 HPs)
             Began as a Demonspawn Fighter on Feb 2, 2024.
             Was a Follower of Hepliaklqana.
             Slain by a vampire mosquito (9 damage)
             ... on level 7 of the Dungeon.
             The game lasted 00:10:02 (5272 turns).

Ambrosia the Shield-Bearer (Demonspawn Fighter)     Turns: 5272, Time: 00:10:03

Health: -2/62      AC: 15    Str: 19    XL:     9   Next: 6%
Magic:  9/9        EV:  7    Int:  8    God:    Hepliaklqana [*.....]
Gold:   323        SH:  7    Dex: 17    Spells: 8/8 levels left

rFire   . . .        b - +0 morningstar
rCold   . . .        c - +1 buckler
rNeg    + . .        n - +4 chain mail of the Buccaneer {rN+ Str-2 Dex+4}
rPois   .            (helmet restricted)
rElec   .            q - scarf {shadows}
rCorr   .            (no gloves)
SInv    .            e - +0 pair of boots
Will    .....        i - amulet of the acrobat Stlth
                     (no ring)
HPRegen 0.30/turn    (no ring)
MPRegen 0.11/turn

%: acrobat
@: about to teleport
A: reduced essence, hooves 1, horns 1, ignite blood 2, weakness stinger 1
a: Renounce Religion, Recall Ancestor, Ancestor Identity


You were on level 7 of the Dungeon.
You worshipped Hepliaklqana.
Hepliaklqana was aware of your devotion.
You visited 2 branches of the dungeon, and saw 8 of its levels.

You collected 362 gold pieces.
You spent 39 gold pieces at shops.

Inventory:

Hand Weapons
 b - a +0 morningstar (weapon)
   (You took it off an orc on level 4 of the Dungeon)
Armour
 c - a +1 buckler (worn)
 e - a +0 pair of boots (worn)
   (You found it on level 1 of the Dungeon)
 n - the +4 chain mail of the Buccaneer (worn) {rN+ Str-2 Dex+4}
   (You found it on level 3 of the Dungeon)

   Str-2:     It affects your strength (-2).
   Dex+4:     It affects your dexterity (+4).
   rN+:       It protects you from negative energy.
 q - a scarf of shadows (worn)
   (You found it on level 6 of the Dungeon)
Jewellery
 i - an amulet of the acrobat (around neck)
   (You found it on level 1 of the Dungeon)
Wands
 h - a wand of mindburst (11)
   (You found it on level 4 of the Dungeon)
 j - a wand of roots (4) (quivered)
   (You found it on level 2 of the Dungeon)
 m - a wand of flame (17)
   (You found it on level 5 of the Dungeon)
 s - a wand of polymorph (4)
   (You found it on level 6 of the Dungeon)
Scrolls
 a - a scroll of teleportation {!r!d, @r3}
 d - a scroll of fear
 k - a scroll of fog
Potions
 f - 2 potions of curing {unknown}
 g - a potion of lignification {!q}
 l - a potion of magic {unknown}
 o - a potion of ambrosia
 p - 2 potions of haste {unknown}
 r - a potion of might


   Skills:
 + Level 6.1 Fighting
 + Level 5.1 Maces & Flails
 + Level 5.5 Armour
 * Level 7.4 Shields


You had 8 spell levels left.
You didn't know any spells.
Your spell library contained the following spells:

 Spells                   Type           Power      Damage    Failure   Level
 Apportation              Tloc           0%         N/A       98%         1
 Necrotise                Necr           0%         1d4       98%         1
 Slow                     Hex            0%         N/A       98%         1
 Sting                    Conj/Alch      0%         1d3       98%         1
 Summon Small Mammal      Summ           0%         N/A       98%         1
 Confusing Touch          Hex            0%         N/A       100%        3
 Sigil of Binding         Hex            0%         N/A       100%        3
 Tukima's Dance           Hex            0%         N/A       100%        3
 Vampiric Draining        Necr           0%         2d6       100%        3
 Passage of Golubria      Tloc           0%         N/A       100%        4
 Yara's Violent Unravell  Hex/Alch       0%         3d3       100%        5


Dungeon Overview and Level Annotations

Branches:
Dungeon (7/15) Zot: 26791  Temple (1/1) D:5 Zot: 5944

Altars:
Ashenzari
Cheibriados
Dithmenos
Gozag
Hepliaklqana
Kikubaaqudgha
Makhleb
Trog
Wu Jian
Xom

Shops:
D:4 *


Innate Abilities, Weirdness & Mutations

Your life essence is reduced to manifest your ancestor. (-10% HP)
You have large cloven feet.
You have a pair of small horns on your head.
Your demonic aura often causes spilled blood to erupt in flames.
You have a small tail.


Message History

Okay, then.
You start resting.
A vampire mosquito comes into view.
You regained 6 hp, and now have 35/55 hp.
A vampire mosquito is nearby!
A vampire mosquito is nearby!
The vampire mosquito closely misses Cat girl.
Cat girl misses the vampire mosquito.
A vampire mosquito comes into view.
The vampire mosquito bites Cat girl.
The vampire mosquito barely misses Cat girl.
Cat girl closely misses the vampire mosquito.
A vampire mosquito comes into view.
The vampire mosquito bites Cat girl.
The vampire mosquito bites Cat girl!
Cat girl hits the vampire mosquito.
The vampire mosquito bites Cat girl!
The vampire mosquito bites Cat girl!
Cat girl is destroyed!
The vampire mosquito completely misses you.
The vampire mosquito closely misses you.
The vampire mosquito bites you but does no damage.
Hit: b) +0 morningstar
Press: ? - help, Dir - move target, f - vampire mosquito
Aim: a vampire mosquito (lightly damaged, about 58% to evade your +0 morningstar)
You miss the vampire mosquito. The vampire mosquito bites you!
The vampire mosquito bites you but does no damage. x2
The vampire mosquito bites you!
The vampire mosquito draws strength from your injuries!
You block the vampire mosquito's attack. x2
You take 15 damage, and have 21/55 hp.
MASSIVE DAMAGE!!
Okay, then.
Aiming: Fastroot
Press: ? - help, Q - select action, (/) - cycle Shift-Dir - straight line, p - vampire mosquito The roots erupt in riotous growth!
Roots grab the vampire mosquito.
Roots grab the vampire mosquito. x2
The grasping roots constrict the vampire mosquito!
The grasping roots constrict the vampire mosquito. x2
You hear a shout! x3
The vampire mosquito bites you!
* * * LOW HITPOINT WARNING * * *
The vampire mosquito draws strength from your injuries!
You block the vampire mosquito's attack.
The vampire mosquito barely misses you.
You block the vampire mosquito's attack.
The vampire mosquito barely misses you. x2
Unknown command.
You take 9 damage, and have 12/55 hp.
Unknown command.
Unknown command.
The grasping roots constrict the vampire mosquito! x2
The grasping roots constrict the vampire mosquito.
The vampire mosquito struggles to escape constriction. x5
Hit: b) +0 morningstar
Press: ? - help, Dir - move target, f - you
Okay, then.
Really read
a - 2 scrolls of teleportation {!r!d, @r3}?
As you read the scroll of teleportation {!r!d, @r3}, it crumbles to dust.
You feel strangely unstable.
The grasping roots constrict the vampire mosquito!
The grasping roots constrict the vampire mosquito. x2
The roots release their grip on the vampire mosquito. x3
The vampire mosquito bites you but does no damage.
Unknown command.
Unknown command.
Aiming: Fastroot
Press: ? - help, Q - select action, (/) - cycle Shift-Dir - straight line, f - you The roots erupt in riotous growth!
Roots grab the vampire mosquito.
Roots grab the vampire mosquito.
The grasping roots constrict the vampire mosquito.
You destroy the vampire mosquito!
The grasping roots constrict the vampire mosquito.
You hear a shout!
The vampire mosquito barely misses you.
You block the vampire mosquito's attack.
The vampire mosquito bites you!
* * * LOW HITPOINT WARNING * * *
The vampire mosquito draws strength from your injuries!
Your life force feels restored.
You have reached level 9!
Your experience leads to an increase in your attributes!
Your base attributes are Str 19, Int 8, Dex 13.
Increase (s)trength, (i)ntelligence, or (d)exterity?
You feel stronger. x2
You take 7 damage, and have 6/62 hp.
MP restored: 9
Aiming: Fastroot
Press: ? - help, Q - select action, (/) - cycle Shift-Dir - straight line, f - you The roots erupt in riotous growth!
The vampire mosquito is unaffected.
Roots grab the vampire mosquito.
The grasping roots constrict the vampire mosquito. x2
You hear a shout!
The roots release their grip on the vampire mosquito.
The vampire mosquito bites you but does no damage.
The vampire mosquito completely misses you.
The vampire mosquito closely misses you.
The vampire mosquito bites you!
You die...

.............######....# #..
...†######.............# #...
.....## ####.........# #...#
......### ##........# ###....#
........## ###......###.....#
.........#### ##...).....)...#
............#####††............#
.........#...........)..........
........###.....@..#†...........
........##.....y°y).............
................).............#.
...........#.................##
#........####...............
#.......## #...............
##.....## #............. #....##
#.......##.. #....#


You could see 2 vampire mosquitoes.

Vanquished Creatures
  A vampire mosquito (D:7)
  Menkaure (D:4)
  A water moccasin (D:6)
  Duvessa (D:4)
  An orc warrior (D:6)
  2 centaurs (D:6)
  2 bullfrogs (D:6 D:7)
  2 scorpions (D:5)
  3 wights (D:7)
  Dowan (D:4)
  A bombardier beetle (D:5)
  4 howler monkeys (D:6 D:7)
  3 hounds (D:4 D:5 D:6)
  An orc priest (D:5)
  2 iguanas (D:6)
  2 sleepcaps (D:5 D:6)
  3 gnolls (D:2)
  2 adders (D:5)
  2 white imps (D:5 D:7)
  A dart slug (D:3)
  10 orcs (D:4 D:5 D:6)
  9 ball pythons (D:1 D:2 D:3 D:4)
  4 endoplasms (D:1 D:2 D:3 D:4)
  5 giant cockroaches (D:1 D:2 D:3 D:4)
  4 goblins (D:1 D:2 D:4)
  4 hobgoblins (D:1 D:2 D:3)
  4 jackals (D:2 D:5)
  7 quokkas (D:1 D:2 D:3 D:4 D:5)
  2 bats (D:2 D:3)
  4 frilled lizards (D:1 D:2 D:3)
  6 kobolds (D:1 D:3 D:4)
  4 rats (D:1 D:2 D:3)
99 creatures vanquished.

Vanquished Creatures (collateral kills)
  A wyvern (D:7)
  An ice beast (D:6)
  A centaur (D:7)
  A wight (D:7)
4 creatures vanquished.

Vanquished Creatures (others)
  An ancestor (D:7)
1 creature vanquished.

Grand Total: 104 creatures vanquished

Notes
Turn   | Place    | Note
-------+----------+-------------------------------------------
     0 | D:1      | Ambrosia the Demonspawn Fighter began the quest for the
                  | Orb.
     0 | D:1      | Reached XP level 1. HP: 18/18 MP: 1/1
    97 | D:1      | Found a faded altar of an unknown god.
   299 | D:1      | Discovered your monstrous ancestry.
   299 | D:1      | Gained mutation: You have a small tail. [demonic ancestry]
   299 | D:1      | Reached XP level 2. HP: 22/24 MP: 2/2
   327 | D:1      | Reached skill level 2 in Maces & Flails
   327 | D:1      | Reached skill level 3 in Shields
  1092 | D:2      | Reached skill level 3 in Armour
  1092 | D:2      | Gained mutation: Your demonic aura sometimes causes spilled
                  | blood to erupt in flames. [demonic ancestry]
  1092 | D:2      | Reached XP level 3. HP: 29/29 MP: 3/3
  1284 | D:2      | HP: 8/29 [gnoll/+0 halberd (9)]
  1807 | D:3      | Gained mutation: You have a pair of small horns on your
                  | head. [demonic ancestry]
  1807 | D:3      | Reached XP level 4. HP: 35/35 MP: 4/4
  2204 | D:3      | Identified the +4 chain mail of the Buccaneer {rN+ Str-2
                  | Dex+4}
  2354 | D:4      | Found an ancient bone altar of Kikubaaqudgha.
  2643 | D:4      | Noticed Menkaure
  2655 | D:4      | HP: 13/36 [??? (11)]
  2662 | D:4      | HP: 27/54 [Menkaure (15)]
  2671 | D:4      | Killed Menkaure
  2672 | D:4      | Reached skill level 4 in Shields
  2672 | D:4      | Reached XP level 5. HP: 37/42 MP: 5/5
  2759 | D:4      | Found Pockuid's General Store.
  2765 | D:4      | Found a shadowy altar of Dithmenos.
  2772 | D:4      | Noticed Duvessa
  2772 | D:4      | Noticed Dowan
  2776 | D:4      | Bought a scroll of teleportation for 39 gold pieces
  2781 | D:4      | Killed Duvessa
  2782 | D:4      | Reached skill level 4 in Fighting
  2782 | D:4      | Reached skill level 3 in Maces & Flails
  2782 | D:4      | Gained mutation: You have large cloven feet. [demonic
                  | ancestry]
  2782 | D:4      | Reached XP level 6. HP: 39/48 MP: 6/6
  2784 | D:4      | Killed Dowan
  3057 | D:4      | Found a hazy altar of Hepliaklqana.
  3058 | D:4      | Found a shimmering altar of Xom.
  3058 | D:4      | Noticed a hell beast
  3059 | D:4      | Noticed a spectral ugly thing
  3059 | D:4      | Noticed a hell beast
  3091 | D:4      | Became a worshipper of Hepliaklqana the Forgotten
  3120 | D:5      | Entered Level 5 of the Dungeon
  3206 | D:5      | Reached skill level 5 in Shields
  3220 | D:5      | Reached skill level 4 in Armour
  3220 | D:5      | Reached XP level 7. HP: 39/55 MP: 7/7
  3563 | D:5      | Found a staircase to the Ecumenical Temple.
  3606 | Temple   | Entered the Ecumenical Temple
  4367 | D:6      | Reached * piety under Hepliaklqana
  4452 | D:6      | Reached skill level 5 in Fighting
  4452 | D:6      | Reached skill level 4 in Maces & Flails
  4455 | D:6      | Reached skill level 6 in Shields
  4455 | D:6      | Gained mutation: Your demonic aura often causes spilled
                  | blood to erupt in flames. [demonic ancestry]
  4455 | D:6      | Reached XP level 8. HP: 55/55 MP: 8/8
  5141 | D:7      | Reached skill level 5 in Armour
  5198 | D:7      | Reached skill level 7 in Shields
  5228 | D:7      | Reached skill level 5 in Maces & Flails
  5236 | D:7      | Reached skill level 6 in Fighting
  5267 | D:7      | HP: 21/55 [vampire mosquito (8)]
  5271 | D:7      | HP: 6/55 [vampire mosquito (7)]
  5272 | D:7      | Reached XP level 9. HP: 6/62 MP: 9/9
  5272 | D:7      | Slain by a vampire mosquito

Illustrated notes

Levels and vault maps discovered:
D:1:      grunt_arrival_lava_bath, layout_rooms, serial_forest,
          infiniplex_forest_clump_small, infiniplex_forest_straight_3,
          infiniplex_forest_lined_corner, infiniplex_forest_lined_3,
          infiniplex_forest_clump_tiny, infiniplex_forest_straight_4,
          shapermc_ecumenical_altar_gd
D:2:      layout_basic
D:3:      layout_loops_ring, kennysheep_generic_room_6
D:4:      layout_basic, regret_index_temple_of_mockery, pf_just_have_faith,
          mainiacjoe_overflow_cross_hatched, serial_shops, shop, serial_rivers,
          chequers_serial_rivers_micro_b, chequers_serial_rivers_small_a,
          chequers_serial_rivers_room_a, chequers_serial_rivers_marsh,
          uniq_menkaure, uniq_duvessa
D:5:      nicolae_BIG_FREAKIN_CUBE, layout_gridville,
          minmay_temple_entry_junction, chequers_serial_rivers_large_b
D:6:      layout_cave_pools, general_overflow_altar
D:7:      layout_layer_cave, nicolae_uskayaw_dance_studio,
          minmay_gold_behind_fungi, kennysheep_opposing_triangles, uniq_maggie,
          uniq_pikel
Temple:   nicolae_temple_bog_church

Skill      XL: |  1  2  3  4  5  6  7  8 |
---------------+-------------------------+-----
Maces & Flails | 2 3 4 5 |  5.1
Shields        | 3 4 5 6 7 |  7.4
Armour         | 3 4 5 |  5.5
Fighting       | 4 5 6 |  6.1

Action                     |  1- 3 |  4- 6 |  7- 9 || total
---------------------------+-------+-------+-------++-------
  Melee: Flail             |   114 |    67 |       ||   181
         Tailslap          |     7 |     6 |    12 ||    25
         Headbutt          |       |     8 |    21 ||    29
         Morningstar       |       |    18 |   100 ||   118
 Invoke: Ancestor Identity |       |       |     1 ||     1
  Evoke: Wand              |       |     7 |     4 ||    11
    Use: Scroll            |     4 |     5 |     3 ||    12
         Potion            |     1 |     3 |       ||     4
   Stab: Distracted        |       |       |     1 ||     1
 Armour: Scale mail        |    86 |    40 |       ||   126
         Skin              |       |    13 |       ||    13
         Chain mail        |       |    20 |    93 ||   113
  Dodge: Dodged            |    66 |    46 |    51 ||   163
  Block: Buckler           |    18 |    31 |    55 ||   104

Table legend: (Time is in decaauts)
 A = Elapsed time spent in this place.
 B = Non-inter-level travel time spent in this place.
 C = Inter-level travel time spent in this place.
 D = Time resting spent in this place.
 E = Time spent auto-exploring this place.
 F = Levels seen in this place.
 G = Mean time per level.
                   A        B        C        D        E       F      G
               +--------+--------+--------+--------+--------+-----+--------+
         Total |   5446 |   5294 |    152 |    433 |   3940 |   8 |  680.8 |
       Dungeon |   5390 |   5250 |    140 |    433 |   3940 |   7 |  770.0 |
        Temple |     55 |     43 |     12 |      0 |      0 |   1 |   55.0 |
               +--------+--------+--------+--------+--------+-----+--------+

Top non-repeatable levels by time:
     D:5: 1220 daAuts
     D:2: 1025 daAuts
     D:4: 841 daAuts
     D:1: 815 daAuts
     D:6: 763 daAuts
     D:3: 518 daAuts
     D:7: 207 daAuts
  Temple: 55 daAuts

Levels and vault maps discovered:
D:1:      grunt_arrival_lava_bath, layout_rooms, serial_forest,
          infiniplex_forest_clump_small, infiniplex_forest_straight_3,
          infiniplex_forest_lined_corner, infiniplex_forest_lined_3,
          infiniplex_forest_clump_tiny, infiniplex_forest_straight_4,
          shapermc_ecumenical_altar_gd
D:2:      layout_basic
D:3:      layout_loops_ring, kennysheep_generic_room_6
D:4:      layout_basic, regret_index_temple_of_mockery, pf_just_have_faith,
          mainiacjoe_overflow_cross_hatched, serial_shops, shop, serial_rivers,
          chequers_serial_rivers_micro_b, chequers_serial_rivers_small_a,
          chequers_serial_rivers_room_a, chequers_serial_rivers_marsh,
          uniq_menkaure, uniq_duvessa
D:5:      nicolae_BIG_FREAKIN_CUBE, layout_gridville,
          minmay_temple_entry_junction, chequers_serial_rivers_large_b
D:6:      layout_cave_pools, general_overflow_altar
D:7:      layout_layer_cave, nicolae_uskayaw_dance_studio,
          minmay_gold_behind_fungi, kennysheep_opposing_triangles, uniq_maggie,
          uniq_pikel
Temple:   nicolae_temple_bog_church

Table legend: (Time is in decaauts)
 A = Elapsed time spent in this place.
 B = Non-inter-level travel time spent in this place.
 C = Inter-level travel time spent in this place.
 D = Time resting spent in this place.
 E = Time spent auto-exploring this place.
 F = Levels seen in this place.
 G = Mean time per level.
                   A        B        C        D        E       F      G
               +--------+--------+--------+--------+--------+-----+--------+
         Total |   5446 |   5294 |    152 |    433 |   3940 |   8 |  680.8 |
       Dungeon |   5390 |   5250 |    140 |    433 |   3940 |   7 |  770.0 |
        Temple |     55 |     43 |     12 |      0 |      0 |   1 |   55.0 |
               +--------+--------+--------+--------+--------+-----+--------+

Top non-repeatable levels by time:
     D:5: 1220 daAuts
     D:2: 1025 daAuts
     D:4: 841 daAuts
     D:1: 815 daAuts
     D:6: 763 daAuts
     D:3: 518 daAuts
     D:7: 207 daAuts
  Temple: 55 daAuts

Table legend:
 A = Kills in this place as a percentage of kills in the entire game.
 B = Kills by you in this place as a percentage of kills by you in the entire game.
 C = Kills by friends in this place as a percentage of kills by friends in the entire game.
 D = Other kills in this place as a percentage of other kills in the entire game.
 E = Experience gained in this place as a percentage of experience gained in the entire game.
 F = Experience gained in this place divided by the number of levels of this place that you have seen.
                   A       B       C       D       E      F
               +-------+-------+-------+-------+-------+----------------------
         Total | 100.0 | 100.0 | 100.0 |   N/A | 100.0 | 371.1
       Dungeon | 100.0 | 100.0 | 100.0 |   N/A | 100.0 | 424.1
               +-------+-------+-------+-------+-------+----------------------
